 Seeded DCSS version 0.28-a0-655-g4eb62b627b (webtiles) character file.

Game seed: 3713676629606624443 (custom seed)

44 cheechan the Grasshopper (level 3, 0/32 HPs)
             Began as a Naga Warper on Oct 12, 2021.
             Slain by an adder (1 damage)
             ... on level 2 of the Dungeon.
             The game lasted 00:05:11 (1397 turns).

cheechan the Grasshopper (Naga Warper)              Turns: 1397, Time: 00:05:11

Health: 0/32       AC:  5    Str: 13    XL:     3   Next: 60%
Magic:  6/6        EV:  6    Int: 13    God:
Gold:   15         SH:  0    Dex: 11    Spells: 4/6 levels left

rFire   + + .      SeeInvis +   i - +0 dagger (venom)
rCold   x . .      Faith    .   (no shield)
rNeg    . . .      Spirit   .   f - +0 fire dragon scales
rPois   +          Reflect  .   (no helmet)
rElec   .          Harm     .   (no cloak)
rCorr   .          Rampage  .   (no gloves)
Will    .....                   (no barding)
Stlth   ..........              (no amulet)
HPRegen 0.10/turn               (no ring)
MPRegen 0.10/turn               (no ring)

@: lethally poisoned (0 -> -2), very slow
A: AC +1, large, see invisible, deformed body, poison resistance, slowness 2,
spit poison 1, naga tail 1
a: Spit Poison


You were on level 2 of the Dungeon.
You visited 1 branch of the dungeon, and saw 3 of its levels.

You collected 15 gold pieces.

Inventory:

Hand Weapons
 a - a +0 short sword of flaming
 g - a +0 flail of protection
 i - a +0 dagger of venom (weapon)
Missiles
 d - 5 boomerangs of dispersal
 h - 20 stones
 j - 4 datura-tipped darts (quivered)
Armour
 b - a +0 leather armour
 f - +0 fire dragon scales (worn)
Scrolls
 c - a scroll of blinking


   Skills:
 + Level 2.0 Fighting
 + Level 2.4 Short Blades
 + Level 0.8 Throwing
 + Level 1.6 Armour
 + Level 1.8 Dodging
 + Level 2.1 Spellcasting
 + Level 3.4 Translocations


You had 4 spell levels left.
You knew the following spells:

 Your Spells              Type           Power      Damage    Failure   Level
a - Blink                 Tloc           N/A        N/A       52%         2

Your spell library contained the following spells:

 Spells                   Type           Power      Damage    Failure   Level
 Gell's Gravitas          Tloc           5%         N/A       77%         3
 Lesser Beckoning         Tloc           10%        N/A       77%         3
 Teleport Other           Tloc           10%        N/A       77%         3
 Manifold Assault         Tloc           10%        N/A       100%        5


Dungeon Overview and Level Annotations

Branches:
Dungeon (3/15)

Altars:


Innate Abilities, Weirdness & Mutations

Your serpentine skin is tough. (AC +1)
You have supernaturally acute eyesight. (SInv)
Armour fits poorly on your strangely shaped body.
Your system is resistant to poisons. (rPois)
You cover ground very slowly.
You can spit poison.
You have a snake-like lower body.


Message History

The goblin hits you but does no damage.
You hit the orc.
The orc is heavily wounded.
You have got your breath back.
The adder barely misses you. The orc hits you with a +0 club.
The goblin hits you with a +0 dagger.
You barely miss the orc.
The orc is heavily wounded.
The adder bites you but does no damage. The orc hits you with a +0 club.
The goblin hits you but does no damage.
You closely miss the orc.
The orc is heavily wounded.
The adder bites you.
You hit the orc.
You kill the orc!
The goblin hits you with a +0 dagger. The adder bites you but does no damage.
You hit the goblin.
You kill the goblin!
The adder bites you.
* * * LOW HITPOINT WARNING * * *
You are poisoned.
The adder poisons you!
* * * LOW HITPOINT WARNING * * *
You feel very sick. The adder bites you.
* * * LOW HITPOINT WARNING * * *
Things that are here:
a +0 dagger; a goblin corpse You miss the adder.
The adder is moderately wounded.
* * * LOW HITPOINT WARNING * * *
You feel sick. The adder bites you but does no damage.
You barely miss the adder.
The adder is moderately wounded.
The adder bites you but does no damage.
You barely miss the adder.
The adder is heavily wounded.
* * * LOW HITPOINT WARNING * * *
You feel sick. The adder bites you.
You die...

#
#######.##
#........#
#.#....#..
#S#.......
#)@.......
#####.....
... . ####
#... #...
#... #...
####...


You could see an adder (poisoned).

Vanquished Creatures
  A gnoll (D:1)
  An orc (D:2)
  4 ball pythons (D:1)
  3 bats
  3 endoplasms (D:1)
  3 goblins
  3 hobgoblins (D:1)
  3 kobolds (D:1)
  4 quokkas (D:1)
  3 frilled lizards (D:1)
  A rat (D:1)
29 creatures vanquished.

Notes
Turn   | Place    | Note
-------+----------+-------------------------------------------
     0 | D:1      | cheechan the Naga Warper began the quest for the Orb.
     0 | D:1      | Reached XP level 1. HP: 19/19 MP: 3/3
   246 | D:1      | Reached XP level 2. HP: 20/26 MP: 5/5
   267 | D:1      | Reached skill level 1 in Armour
   557 | D:1      | Learned a level 2 spell: Blink
   600 | D:1      | Reached XP level 3. HP: 16/32 MP: 6/6
  1364 | D:2      | You fall into a shaft and drop 1 floor!
  1397 | D:2      | HP: 1/32 [poisoned by an adder]
  1397 | D:2      | Slain by an adder

Illustrated notes

Levels and vault maps discovered:
D:1:      dpeg_arrival_renting, layout_basic
D:2:      cheibrodos_greedy_goblins, layout_basic,
          dreamdust_ecumenical_altar_statues, uniq_natasha
D:3:      layout_rooms, tgw_kikubaaqudgha, nicolae_overflow_hidden_temple,
          minmay_cupped

Skill      XL: |  1  2 |
---------------+-------+-----
Armour         | 1 |  1.6
Fighting       | |  2.0
Short Blades   | |  2.4
Throwing       | |  0.8
Dodging        | |  1.8
Spellcasting   | |  2.1
Translocations | |  3.4

Action                   || total
-------------------------++-------
Melee: Short sword       ||    24
       Dagger            ||    72
 Abil: Spit Poison       ||    11
  Use: Scroll            ||     2
Armor: Fire dragon scale ||    64
Dodge: Dodged            ||    41

Table legend: (Time is in decaauts)
 A = Elapsed time spent in this place.
 B = Non-inter-level travel time spent in this place.
 C = Inter-level travel time spent in this place.
 D = Time resting spent in this place.
 E = Time spent auto-exploring this place.
 F = Levels seen in this place.
 G = Mean time per level.
                   A        B        C        D        E       F      G
               +--------+--------+--------+--------+--------+-----+--------+
         Total |   1706 |   1706 |      0 |    442 |      0 |   3 |  568.7 |
       Dungeon |   1706 |   1706 |      0 |    442 |      0 |   3 |  568.7 |
               +--------+--------+--------+--------+--------+-----+--------+

Top non-repeatable levels by time:
     D:1: 1516 daAuts
     D:2: 161 daAuts
     D:3: 28 daAuts
